Panthers vs Blackhawks

Created - February 3, 2023 at 19:09

Goals
1 2 3 T
Panthers 0 2 0 2
Blackhawks 1 2 0 3
Shots
1 2 3 T
Panthers 12 15 5 32
Blackhawks 16 14 11 41

1st period

1. Blackhawks , Nick Bonino 2 (Ben Harpur 2) at 4:14

Penalties :
No Penalty

2nd period

2. Panthers , Jason Pominville 10 (Jamie Arniel 11) at 0:13 (PP)
3. Blackhawks , Johnny Gaudreau 18 (Jakob Silfverberg 19) at 7:03
4. Blackhawks , Jordan Staal 11 (Johnny Gaudreau 26) at 7:18 (PP)
5. Panthers , Beau Bennett 1 (Blake Geoffrion 2) at 12:29

Penalties :
Jamie McBain (Chi) for Goalie Interference (Minor) at 0:11, Alexander Semin (Flo) for Slashing (Double Minor) at 7:09, Jamie McBain (Chi) for Holding (Minor) at 14:50

3rd period

No Goal

Penalties :
Tuukka Rask (Chi) for Slashing (Minor) at 0:33 - Radko Gudas served the penalty, Ben Harpur (Chi) for High sticking (Minor) at 10:16

Goalie Stats

Jonathan Quick (Flo), 38 saves from 41 shots - (0.927), L, 12-11-3, 59:26 minutes
Tuukka Rask (Chi), 30 saves from 32 shots - (0.938), W, 18-13-3, 60:00 minutes

Players Stats for Panthers

Player Name              G  A  P  +/- PIM S  H  SB GA TA FO     MP     PP MP  PK MP  
------------------------------------------------------------------------------------
Alex Goligoski           0  0  0  -1  0   3  1  0  0  0  0/0    27:06   3:38   0:50 
Alex Iafallo             0  0  0   0  0   1  0  0  0  0  0/0    11:05   0:00   0:00 
Alexander Semin          0  0  0   0  4   1  2  0  0  0  0/1    21:08   2:58   0:00 
Beau Bennett             1  0  1   1  0   1  0  0  2  0  0/0     9:18   0:00   0:32 
Blake Geoffrion          0  1  1   1  0   0  0  1  1  0  0/0     8:18   0:00   0:00 
Brian Flynn              0  0  0   0  0   1  0  0  0  0  1/5    11:05   0:00   0:00 
Cameron Gaunce           0  0  0   0  0   1  0  0  0  0  0/0    16:30   2:21   0:00 
Chris Bourque            0  0  0  -2  0   3  2  0  0  0  0/0    17:20   3:01   0:00 
Dalton Prout             0  0  0   0  0   0  4  0  0  3  0/0    23:54   3:38   0:50 
Daultan Leveillé         0  0  0   1  0   1  1  0  0  0  3/5     9:02   0:00   0:32 
Jamie Arniel             0  1  1   0  0   5  2  1  3  1  14/33  22:33   2:58   1:36 
Jason Pominville         1  0  1  -2  0   1  0  0  0  0  1/1    17:35   2:58   0:00 
Kris Versteeg            0  0  0   0  0   8  0  0  0  0  1/1    22:02   3:01   1:36 
Kyle Okposo              0  0  0   0  0   2  2  0  1  0  1/1    11:05   0:00   0:00 
Miro Aaltonen            0  0  0  -2  0   1  1  0  0  0  7/11   17:20   3:01   0:00 
Morgan Ellis             0  0  0   0  0   1  1  0  0  0  0/0    14:31   0:00   1:18 
Niklas Hansson           0  0  0   0  0   0  0  1  1  0  0/0    16:44   0:00   1:18 
Will Butcher             0  0  0  -1  0   2  0  2  0  3  0/0    21:15   2:21   0:00 

Players Stats for Blackhawks

Player Name              G  A  P  +/- PIM S  H  SB GA TA FO     MP     PP MP  PK MP  
------------------------------------------------------------------------------------
Antoine Roussel          0  0  0  -1  0   6  3  0  0  0  1/1    17:36   0:40   3:37 
Ben Harpur               0  1  1   2  2   0  2  0  0  1  0/0    16:12   0:00   2:48 
Blake Wheeler            0  0  0   0  0   0  1  1  0  0  1/1    11:59   0:00   0:00 
Brett Maclean            0  0  0   0  0   2  3  0  1  0  0/0    13:08   0:00   1:01 
Calvin de Haan           0  0  0   2  0   0  3  2  0  0  0/0    13:33   0:00   0:14 
Corey Perry              0  0  0  -1  0   6  1  1  0  0  0/2    13:59   0:40   0:00 
Derek Roy                0  0  0  -1  0   0  1  0  0  0  5/8    13:59   0:40   0:00 
Jakob Silfverberg        0  1  1   1  0   3  3  1  4  0  1/3    20:55   1:28   1:21 
James Wright             0  0  0   0  0   2  0  0  0  0  1/5    13:08   0:00   1:01 
Jamie McBain             0  0  0   0  4   4  0  0  0  0  0/0    25:43   1:12   2:29 
Johnny Gaudreau          1  1  2   1  0   6  1  0  0  2  4/6    21:46   1:28   3:37 
Jordan Staal             1  0  1   1  0   2  1  0  0  0  16/31  20:55   1:28   1:21 
Mike Amadio              0  0  0   1  0   0  0  0  0  0  0/0     8:21   0:00   0:00 
Nick Bonino              1  0  1   1  0   3  1  0  0  0  1/1     8:21   0:00   0:00 
Radko Gudas              0  0  0   0  0   3  0  1  2  2  0/0    26:31   1:12   2:27 
Raphael Diaz             0  0  0  -1  0   1  0  0  0  1  0/0    20:04   0:56   2:07 
Sean Zimmerman           0  0  0  -1  0   3  1  2  0  2  0/0    19:27   0:56   1:53 
Stefan Matteau           0  0  0   1  0   0  1  0  0  0  0/0     8:21   0:00   0:00 

3 Stars

1 - Johnny Gaudreau (Chi)
2 - Nick Bonino (Chi)
3 - Jordan Staal (Chi)

Power Play

Panthers - 1 on 4 Attempt(s) - 25.00%
Blackhawks - 1 on 2 Attempt(s) - 50.00%

Penalty Kill

Panthers - 1 on 2 Attempt(s) - 50.00% - Score 0 goal in Penalty Kill
Blackhawks - 3 on 4 Attempt(s) - 75.00% - Score 0 goal in Penalty Kill

Team Stat

Panthers - Hits : 16 - Faceoff Wins : 28 - Blocked Shots : 5 - Penalty Minutes : 4
Blackhawks - Hits : 22 - Faceoff Wins : 30 - Blocked Shots : 8 - Penalty Minutes : 8

Official

Referees : Reid Anderson and Beaudry Halkidis
Linesman : Devin Berg and Brian Mach

Game Notes

No Game Note

Finance

Level 1 -- Attendance: 5417 (90.28%) -- Ticket Income $541,700
Level 2 -- Attendance: 5000 (100.00%) -- Ticket Income $300,000
Level 3 -- Attendance: 1818 (90.90%) -- Ticket Income $63,630
Level 4 -- Attendance: 3832 (95.80%) -- Ticket Income $95,800
Luxury Box -- Attendance: 940 (94.00%) -- Ticket Income $188,000
Game was played at the United Center.
Total Attendance: 17007 (94.48%)
Total Ticket Income: $1,189,130
Other Income: $178,370
Total Income: $1,367,500

Panthers

5 vs 5 Forward 
   Center                   Left Wing                Right Wing               Time % Phy DF OF 
 1 Jamie Arniel             Alexander Semin          Kris Versteeg            40     1   2  2  
 2 Miro Aaltonen            Chris Bourque            Jason Pominville         30     1   2  2  
 3 Brian Flynn              Alex Iafallo             Kyle Okposo              20     1   2  2  
 4 Daultan Leveillé         Blake Geoffrion          Beau Bennett             10     1   2  2  

5 vs 5 Defense 
   Defense                  Defense                                           Time % Phy DF OF 
 1 Alex Goligoski           Dalton Prout                                      40     1   2  2  
 2 Will Butcher             Niklas Hansson                                    30     1   2  2  
 3 Cameron Gaunce           Morgan Ellis                                      20     1   2  2  
 4 Alex Goligoski           Will Butcher                                      10     1   2  2  

PowerPlay Forward 
   Center                   Left Wing                Right Wing               Time % Phy DF OF 
 1 Jamie Arniel             Alexander Semin          Jason Pominville         60     1   2  2  
 2 Miro Aaltonen            Chris Bourque            Kris Versteeg            40     1   2  2  

PowerPlay Defense
   Defense                  Defense                                           Time % Phy DF OF 
 1 Alex Goligoski           Dalton Prout                                      60     1   2  2  
 2 Will Butcher             Cameron Gaunce                                    40     1   2  2  

Penalty Kill 4 Players Forward 
   Center                   Wing                     Time % Phy DF OF 
 1 Jamie Arniel             Kris Versteeg            60     1   2  2  
 2 Daultan Leveillé         Alexander Semin          40     1   2  2  

Penalty Kill 4 Players Defense
   Defense                  Defense                  Time % Phy DF OF 
 1 Niklas Hansson           Morgan Ellis             60     1   2  2  
 2 Alex Goligoski           Dalton Prout             40     1   2  2  

Penalty Kill - 3 Players Forward 
   Forward                                           Time % Phy DF OF 
 1 Jamie Arniel                                      60     1   2  2  
 2 Kris Versteeg                                     40     1   2  2  

Penalty Kill - 3 Players Defense
   Defense                  Defense                  Time % Phy DF OF 
 1 Niklas Hansson           Morgan Ellis             60     1   2  2  
 2 Alex Goligoski           Dalton Prout             40     1   2  2  

4 vs 4 Forward 
   Center                   Wing                     Time % Phy DF OF 
 1 Jamie Arniel             Alexander Semin          60     1   2  2  
 2 Miro Aaltonen            Chris Bourque            40     1   2  2  

4 vs 4 Defense
   Defense                  Defense                  Time % Phy DF OF 
 1 Alex Goligoski           Dalton Prout             60     1   2  2  
 2 Will Butcher             Cameron Gaunce           40     1   2  2  

Last Minutes Offensive
   Center                   Left Wing                Right Wing               Defense                  Defense                  
   Jamie Arniel             Alexander Semin          Jason Pominville         Alex Goligoski           Will Butcher             

Last Minutes Defensive
   Center                   Left Wing                Right Wing               Defense                  Defense                  
   Jamie Arniel             Alexander Semin          Kris Versteeg            Niklas Hansson           Morgan Ellis             

Goaltenders
Starting : Jonathan Quick           
Backup : Ville Husso              

Extra Forwards
Normal : Kyle Okposo, Jamie Arniel, Alexander Semin - PP : Alexander Semin, Kyle Okposo - PK : Beau Bennett
Extra Defensemen
Normal : Will Butcher, Alex Goligoski, Dalton Prout - PP : Will Butcher - PK : Alex Goligoski, Niklas Hansson
Penalty Shots
Alexander Semin, Kris Versteeg, Beau Bennett, Jamie Arniel, Miro Aaltonen

Scratches
Quinton Howden (Right Hip Injury), Timo Meier (Sprained Right Finger Injury)

Blackhawks

5 vs 5 Forward 
   Center                   Left Wing                Right Wing               Time % Phy DF OF 
 1 Jordan Staal             Johnny Gaudreau          Jakob Silfverberg        40     1   2  2  
 2 Derek Roy                Antoine Roussel          Corey Perry              30     1   2  2  
 3 James Wright             Brett Maclean            Blake Wheeler            20     1   2  2  
 4 Nick Bonino              Stefan Matteau           Mike Amadio              10     1   2  2  

5 vs 5 Defense 
   Defense                  Defense                                           Time % Phy DF OF 
 1 Radko Gudas              Jamie McBain                                      40     1   2  2  
 2 Raphael Diaz             Sean Zimmerman                                    30     1   2  2  
 3 Calvin de Haan           Ben Harpur                                        20     1   2  2  
 4 Radko Gudas              Jamie McBain                                      10     1   2  2  

PowerPlay Forward 
   Center                   Left Wing                Right Wing               Time % Phy DF OF 
 1 Jordan Staal             Johnny Gaudreau          Jakob Silfverberg        60     1   2  2  
 2 Derek Roy                Antoine Roussel          Corey Perry              40     1   2  2  

PowerPlay Defense
   Defense                  Defense                                           Time % Phy DF OF 
 1 Radko Gudas              Jamie McBain                                      60     1   2  2  
 2 Raphael Diaz             Sean Zimmerman                                    40     1   2  2  

Penalty Kill 4 Players Forward 
   Center                   Wing                     Time % Phy DF OF 
 1 Johnny Gaudreau          Antoine Roussel          60     1   2  2  
 2 Jordan Staal             Jakob Silfverberg        40     1   2  2  

Penalty Kill 4 Players Defense
   Defense                  Defense                  Time % Phy DF OF 
 1 Radko Gudas              Jamie McBain             60     1   2  2  
 2 Raphael Diaz             Sean Zimmerman           40     1   2  2  

Penalty Kill - 3 Players Forward 
   Forward                                           Time % Phy DF OF 
 1 Johnny Gaudreau                                   60     1   2  2  
 2 Antoine Roussel                                   40     1   2  2  

Penalty Kill - 3 Players Defense
   Defense                  Defense                  Time % Phy DF OF 
 1 Radko Gudas              Jamie McBain             60     1   2  2  
 2 Raphael Diaz             Sean Zimmerman           40     1   2  2  

4 vs 4 Forward 
   Center                   Wing                     Time % Phy DF OF 
 1 Johnny Gaudreau          Antoine Roussel          60     1   2  2  
 2 Jordan Staal             Jakob Silfverberg        40     1   2  2  

4 vs 4 Defense
   Defense                  Defense                  Time % Phy DF OF 
 1 Radko Gudas              Jamie McBain             60     1   2  2  
 2 Raphael Diaz             Sean Zimmerman           40     1   2  2  

Last Minutes Offensive
   Center                   Left Wing                Right Wing               Defense                  Defense                  
   Jordan Staal             Johnny Gaudreau          Jakob Silfverberg        Radko Gudas              Jamie McBain             

Last Minutes Defensive
   Center                   Left Wing                Right Wing               Defense                  Defense                  
   Jordan Staal             Johnny Gaudreau          Jakob Silfverberg        Radko Gudas              Jamie McBain             

Goaltenders
Starting : Tuukka Rask              
Backup : Joe Cannata              

Extra Forwards
Normal : Brett Maclean, Blake Wheeler, James Wright - PP : Brett Maclean, Blake Wheeler - PK : James Wright
Extra Defensemen
Normal : Calvin de Haan, Ben Harpur, Raphael Diaz - PP : Calvin de Haan - PK : Ben Harpur, Raphael Diaz
Penalty Shots
Johnny Gaudreau, Antoine Roussel, Jordan Staal, Jakob Silfverberg, Corey Perry

Scratches
Petter Granberg (Healthy)

% Time on Ice - Panthers

Lines # - Real PCT - Wanted PCT - Time Play
Normal Forward
1 - 33% - 40% - 16:57
2 - 29% - 30% - 14:31
3 - 22% - 20% - 11:05
4 - 16% - 10% - 8:18
Normal Defense
1 - 37% - 40% - 18:55
2 - 33% - 30% - 16:53
3 - 26% - 20% - 13:13
4 - 4% - 10% - 1:50
PP Forward
1 - 50% - 60% - 2:58
2 - 50% - 40% - 3:01
PP Defense
1 - 61% - 60% - 3:38
2 - 39% - 40% - 2:21
PK Forward
1 - 75% - 60% - 1:36
2 - 25% - 40% - 0:32
PK Defense
1 - 61% - 60% - 1:18
2 - 39% - 40% - 0:50
PK3 Forward
1 - 0% - 60%
2 - 0% - 40%
PK3 Defense
1 - 0% - 60%
2 - 0% - 40%
44 Forward
1 - 0% - 60%
2 - 0% - 40%
44 Defense
1 - 0% - 60%
2 - 0% - 40%
Last Minute Offensive  - 1:02
Last Minute Defensive  - 0:00
Total
Forward - 60:00
Defense - 60:00

% Time on Ice - Blackhawks

Lines # - Real PCT - Wanted PCT - Time Play
Normal Forward
1 - 31% - 40% - 15:50
2 - 29% - 30% - 14:44
3 - 24% - 20% - 11:59
4 - 16% - 10% - 8:21
Normal Defense
1 - 38% - 40% - 19:13
2 - 33% - 30% - 16:38
3 - 24% - 20% - 12:23
4 - 5% - 10% - 2:40
PP Forward
1 - 69% - 60% - 1:28
2 - 31% - 40% - 0:40
PP Defense
1 - 56% - 60% - 1:12
2 - 44% - 40% - 0:56
PK Forward
1 - 77% - 60% - 4:38
2 - 23% - 40% - 1:21
PK Defense
1 - 69% - 60% - 4:06
2 - 31% - 40% - 1:53
PK3 Forward
1 - 0% - 60%
2 - 0% - 40%
PK3 Defense
1 - 0% - 60%
2 - 0% - 40%
44 Forward
1 - 0% - 60%
2 - 0% - 40%
44 Defense
1 - 0% - 60%
2 - 0% - 40%
Last Minute Offensive  - 0:00
Last Minute Defensive  - 0:59
Total
Forward - 60:00
Defense - 60:00

Play-by-Play

1st period


0:01 of 1st period - Jordan Staal wins face-off versus Jamie Arniel in neutral zone.
0:04 of 1st period - Alex Goligoski is hit by Jakob Silfverberg and loses puck.
0:36 of 1st period - Wrist shot by Jamie McBain.
0:36 of 1st period - Shot Misses the Net.
1:30 of 1st period - Slapshot by Nick Bonino.
1:30 of 1st period - Shot Misses the Net.
1:32 of 1st period - Slapshot by Jamie McBain.
1:32 of 1st period - Stopped by Jonathan Quick with a rebound.
1:34 of 1st period - Slapshot by Radko Gudas.
1:34 of 1st period - Stopped by Jonathan Quick without a rebound.
1:35 of 1st period - Jordan Staal wins face-off versus Jamie Arniel in Panthers zone.
2:02 of 1st period - Chris Bourque is hit by Antoine Roussel and loses puck.
2:07 of 1st period - Slapshot by Antoine Roussel.
2:07 of 1st period - Stopped by Jonathan Quick with a rebound.
2:09 of 1st period - Snap shot by Ben Harpur.
2:09 of 1st period - Shot Misses the Net.
2:47 of 1st period - Wrist shot by James Wright.
2:47 of 1st period - Stopped by Jonathan Quick with a rebound.
2:49 of 1st period - Slapshot by Mike Amadio.
2:49 of 1st period - Deflect By Stefan Matteau.
2:49 of 1st period - Shot Misses the Net.
2:49 of 1st period - Puck is out of play.
2:50 of 1st period - Nick Bonino wins face-off versus Jamie Arniel in Panthers zone.
3:37 of 1st period - Snap shot by Nick Bonino.
3:37 of 1st period - Stopped by Jonathan Quick with a rebound.
3:57 of 1st period - Will Butcher is hit by Calvin de Haan and loses puck.
4:14 of 1st period - Snap shot by Nick Bonino.
4:14 of 1st period - Goal by Nick Bonino - Panthers : 0 - Blackhawks : 1.
4:15 of 1st period - Jordan Staal wins face-off versus Jamie Arniel in neutral zone.
5:16 of 1st period - Snap shot by Brett Maclean.
5:16 of 1st period - Deflect By Niklas Hansson.
5:16 of 1st period - Shot Blocked by Will Butcher.
5:16 of 1st period - Puck is out of play.
5:17 of 1st period - Jamie Arniel wins face-off versus Jordan Staal in Panthers zone.
6:16 of 1st period - Wrist shot by Daultan Leveillé.
6:16 of 1st period - Deflect By Blake Geoffrion.
6:16 of 1st period - Deflect By Antoine Roussel.
6:16 of 1st period - Shot Blocked by Corey Perry.
6:16 of 1st period - Puck is out of play.
6:17 of 1st period - Jordan Staal wins face-off versus Jamie Arniel in Blackhawks zone.
6:32 of 1st period - Wrist shot by Johnny Gaudreau.
6:32 of 1st period - Stopped by Jonathan Quick without a rebound.
6:33 of 1st period - Miro Aaltonen wins face-off versus James Wright in Panthers zone.
6:33 of 1st period - Miro Aaltonen is hit by Sean Zimmerman.
6:45 of 1st period - Wrist shot by Chris Bourque.
6:45 of 1st period - Shot Misses the Net.
6:59 of 1st period - Alex Goligoski is hit by Jakob Silfverberg and loses puck.
7:06 of 1st period - Wrist shot by Kris Versteeg.
7:06 of 1st period - Stopped by Tuukka Rask without a rebound.
7:07 of 1st period - Jordan Staal wins face-off versus Jamie Arniel in Blackhawks zone.
7:18 of 1st period - Wrist shot by Jordan Staal.
7:18 of 1st period - Shot Blocked by Niklas Hansson.
7:20 of 1st period - Snap shot by Jakob Silfverberg.
7:20 of 1st period - Stopped by Jonathan Quick without a rebound.
7:21 of 1st period - Jordan Staal wins face-off versus Jamie Arniel in Panthers zone.
7:38 of 1st period - Jamie McBain is hit by Alexander Semin and loses puck.
8:41 of 1st period - Snap shot by Stefan Matteau.
8:41 of 1st period - Shot Misses the Net.
9:15 of 1st period - Raphael Diaz is hit by Kyle Okposo and loses puck.
9:43 of 1st period - Snap shot by Blake Wheeler.
9:43 of 1st period - Shot Misses the Net.
10:06 of 1st period - Jordan Staal is hit by Chris Bourque and loses puck.
10:27 of 1st period - Snap shot by Antoine Roussel.
10:27 of 1st period - Stopped by Jonathan Quick without a rebound.
10:28 of 1st period - Jamie Arniel wins face-off versus Derek Roy in Panthers zone.
10:45 of 1st period - Snap shot by Kris Versteeg.
10:45 of 1st period - Stopped by Tuukka Rask with a rebound.
10:51 of 1st period - Morgan Ellis is hit by Calvin de Haan and loses puck.
10:58 of 1st period - Slapshot by Jamie McBain.
10:58 of 1st period - Shot Misses the Net.
11:00 of 1st period - Slapshot by Radko Gudas.
11:00 of 1st period - Deflect By Jamie Arniel.
11:00 of 1st period - Stopped by Jonathan Quick with a rebound.
11:02 of 1st period - Slapshot by Jamie McBain.
11:02 of 1st period - Stopped by Jonathan Quick without a rebound.
11:03 of 1st period - Miro Aaltonen wins face-off versus Jordan Staal in Panthers zone.
11:12 of 1st period - Radko Gudas is hit by Alex Goligoski and loses puck.
11:19 of 1st period - Slapshot by Miro Aaltonen.
11:19 of 1st period - Shot Misses the Net.
12:00 of 1st period - Slapshot by Nick Bonino.
12:00 of 1st period - Shot Misses the Net.
12:18 of 1st period - Slapshot by Kris Versteeg.
12:18 of 1st period - Stopped by Tuukka Rask with a rebound.
12:20 of 1st period - Slapshot by Will Butcher.
12:20 of 1st period - Stopped by Tuukka Rask with a rebound.
12:22 of 1st period - Wrist shot by Kris Versteeg.
12:22 of 1st period - Stopped by Tuukka Rask with a rebound.
12:24 of 1st period - Slapshot by Will Butcher.
12:24 of 1st period - Deflect By Kris Versteeg.
12:24 of 1st period - Stopped by Tuukka Rask without a rebound.
12:25 of 1st period - Miro Aaltonen wins face-off versus Jordan Staal in Blackhawks zone.
12:26 of 1st period - Slapshot by Chris Bourque.
12:26 of 1st period - Stopped by Tuukka Rask with a rebound.
12:30 of 1st period - Backhand shot by Chris Bourque.
12:30 of 1st period - Stopped by Tuukka Rask without a rebound.
12:31 of 1st period - Jordan Staal wins face-off versus Miro Aaltonen in Blackhawks zone.
12:36 of 1st period - Slapshot by Jamie McBain.
12:36 of 1st period - Stopped by Jonathan Quick without a rebound.
12:37 of 1st period - Jamie Arniel wins face-off versus Jordan Staal in Panthers zone.
13:04 of 1st period - Jamie McBain is hit by Dalton Prout and loses puck.
13:13 of 1st period - Snap shot by Alex Iafallo.
13:13 of 1st period - Stopped by Tuukka Rask with a rebound.
13:15 of 1st period - Slapshot by Will Butcher.
13:15 of 1st period - Shot Hit the Post.
13:37 of 1st period - Niklas Hansson is hit by Brett Maclean and loses puck.
14:08 of 1st period - Kris Versteeg is hit by Nick Bonino and loses puck.
15:54 of 1st period - Slapshot by Brian Flynn.
15:54 of 1st period - Stopped by Tuukka Rask with a rebound.
15:56 of 1st period - Slapshot by Alex Goligoski.
15:56 of 1st period - Deflect By Kyle Okposo.
15:56 of 1st period - Stopped by Tuukka Rask without a rebound.
15:57 of 1st period - Jordan Staal wins face-off versus Brian Flynn in Blackhawks zone.
16:02 of 1st period - Snap shot by Johnny Gaudreau.
16:02 of 1st period - Stopped by Jonathan Quick without a rebound.
16:03 of 1st period - Jordan Staal wins face-off versus Jamie Arniel in Panthers zone.
16:12 of 1st period - Slapshot by Johnny Gaudreau.
16:12 of 1st period - Stopped by Jonathan Quick with a rebound.
16:14 of 1st period - Snap shot by Jamie McBain.
16:14 of 1st period - Deflect By Jordan Staal.
16:14 of 1st period - Shot Blocked by Jamie Arniel.
16:14 of 1st period - Puck is out of play.
16:15 of 1st period - Jamie Arniel wins face-off versus Jordan Staal in Panthers zone.
16:46 of 1st period - Radko Gudas is hit by Morgan Ellis and loses puck.
17:13 of 1st period - Wrist shot by Nick Bonino.
17:13 of 1st period - Stopped by Jonathan Quick with a rebound.
17:15 of 1st period - Slapshot by Sean Zimmerman.
17:15 of 1st period - Stopped by Jonathan Quick with a rebound.
18:14 of 1st period - Wrist shot by Alex Goligoski.
18:14 of 1st period - Deflect By Daultan Leveillé.
18:14 of 1st period - Stopped by Tuukka Rask without a rebound.
18:15 of 1st period - Jamie Arniel wins face-off versus Johnny Gaudreau in Blackhawks zone.
18:54 of 1st period - Miro Aaltonen is hit by Corey Perry and loses puck.
19:48 of 1st period - Off-side.
19:49 of 1st period - Daultan Leveillé wins face-off versus Jakob Silfverberg in neutral zone.
19:52 of 1st period - Slapshot by Will Butcher.
19:52 of 1st period - Shot Blocked by Calvin de Haan.
Goals for this period are 0 for Panthers vs 1 for Blackhawks.
Shots for this period are 12 for Panthers vs 16 for Blackhawks.

2nd period


0:01 of 2nd period - Jamie Arniel wins face-off versus Jordan Staal in neutral zone.
0:11 of 2nd period - Minor Penalty to Jamie McBain for Goalie Interference.
0:12 of 2nd period - Jamie Arniel wins face-off versus Johnny Gaudreau in Blackhawks zone.
0:13 of 2nd period - Wrist shot by Jason Pominville.
0:13 of 2nd period - Goal by Jason Pominville - Panthers : 1 - Blackhawks : 1.
0:14 of 2nd period - Jamie Arniel wins face-off versus Jordan Staal in neutral zone.
0:19 of 2nd period - Snap shot by Jamie Arniel.
0:19 of 2nd period - Shot Misses the Net.
0:41 of 2nd period - Wrist shot by Miro Aaltonen.
0:41 of 2nd period - Shot Misses the Net.
0:43 of 2nd period - Wrist shot by Morgan Ellis.
0:43 of 2nd period - Stopped by Tuukka Rask with a rebound.
0:45 of 2nd period - Slapshot by Cameron Gaunce.
0:45 of 2nd period - Stopped by Tuukka Rask without a rebound.
0:46 of 2nd period - Jason Pominville wins face-off versus Derek Roy in Blackhawks zone.
1:21 of 2nd period - Snap shot by Brian Flynn.
1:21 of 2nd period - Shot Misses the Net.
1:23 of 2nd period - Snap shot by Kyle Okposo.
1:23 of 2nd period - Shot Misses the Net.
1:25 of 2nd period - Backhand shot by Kyle Okposo.
1:25 of 2nd period - Shot Blocked by Sean Zimmerman.
1:47 of 2nd period - Snap shot by Johnny Gaudreau.
1:47 of 2nd period - Stopped by Jonathan Quick without a rebound.
1:48 of 2nd period - James Wright wins face-off versus Miro Aaltonen in Panthers zone.
1:51 of 2nd period - Slapshot by Jamie McBain.
1:51 of 2nd period - Stopped by Jonathan Quick with a rebound.
2:01 of 2nd period - Snap shot by Chris Bourque.
2:01 of 2nd period - Stopped by Tuukka Rask with a rebound.
2:03 of 2nd period - Wrist shot by Miro Aaltonen.
2:03 of 2nd period - Shot Hit the Post.
2:13 of 2nd period - Niklas Hansson is hit by Jordan Staal and loses puck.
3:15 of 2nd period - Calvin de Haan is hit by Miro Aaltonen and loses puck.
4:45 of 2nd period - Snap shot by Johnny Gaudreau.
4:45 of 2nd period - Shot Blocked by Blake Geoffrion.
4:47 of 2nd period - Wrist shot by Jakob Silfverberg.
4:47 of 2nd period - Shot Misses the Net.
5:25 of 2nd period - Wrist shot by Jamie Arniel.
5:25 of 2nd period - Stopped by Tuukka Rask with a rebound.
5:27 of 2nd period - Slapshot by Alexander Semin.
5:27 of 2nd period - Stopped by Tuukka Rask with a rebound.
5:29 of 2nd period - Snap shot by Kris Versteeg.
5:29 of 2nd period - Stopped by Tuukka Rask with a rebound.
5:31 of 2nd period - Wrist shot by Jamie Arniel.
5:31 of 2nd period - Stopped by Tuukka Rask without a rebound.
5:32 of 2nd period - Miro Aaltonen wins face-off versus Jordan Staal in Blackhawks zone.
6:51 of 2nd period - Slapshot by Alex Goligoski.
6:51 of 2nd period - Stopped by Tuukka Rask without a rebound.
6:52 of 2nd period - Miro Aaltonen wins face-off versus Jordan Staal in Blackhawks zone.
7:03 of 2nd period - Wrist shot by Johnny Gaudreau.
7:03 of 2nd period - Goal by Johnny Gaudreau - Panthers : 1 - Blackhawks : 2.
7:04 of 2nd period - Jordan Staal wins face-off versus Jamie Arniel in neutral zone.
7:06 of 2nd period - Off-side.
7:07 of 2nd period - Jamie Arniel wins face-off versus Jordan Staal in neutral zone.
7:09 of 2nd period - Double Minor Penalty to Alexander Semin for Slashing.
7:10 of 2nd period - Jordan Staal wins face-off versus Jamie Arniel in Panthers zone.
7:16 of 2nd period - Slapshot by Johnny Gaudreau.
7:16 of 2nd period - Stopped by Jonathan Quick with a rebound.
7:18 of 2nd period - Snap shot by Jordan Staal.
7:18 of 2nd period - Goal by Jordan Staal - Panthers : 1 - Blackhawks : 3.
7:19 of 2nd period - Kris Versteeg wins face-off versus Jordan Staal in neutral zone.
7:22 of 2nd period - Wrist shot by Jamie Arniel.
7:22 of 2nd period - Shot Misses the Net.
7:24 of 2nd period - Wrist shot by Kris Versteeg.
7:24 of 2nd period - Stopped by Tuukka Rask without a rebound.
7:25 of 2nd period - Jordan Staal wins face-off versus Jamie Arniel in Blackhawks zone.
8:12 of 2nd period - Slapshot by Radko Gudas.
8:12 of 2nd period - Stopped by Jonathan Quick without a rebound.
8:13 of 2nd period - Derek Roy wins face-off versus Daultan Leveillé in Panthers zone.
8:14 of 2nd period - Wrist shot by Antoine Roussel.
8:14 of 2nd period - Stopped by Jonathan Quick without a rebound.
8:15 of 2nd period - Derek Roy wins face-off versus Daultan Leveillé in Panthers zone.
8:18 of 2nd period - Snap shot by Corey Perry.
8:18 of 2nd period - Stopped by Jonathan Quick with a rebound.
8:20 of 2nd period - Snap shot by Corey Perry.
8:20 of 2nd period - Stopped by Jonathan Quick without a rebound.
8:21 of 2nd period - Jamie Arniel wins face-off versus Jordan Staal in Panthers zone.
8:57 of 2nd period - Wrist shot by Antoine Roussel.
8:57 of 2nd period - Shot Misses the Net.
9:18 of 2nd period - Penalty to Alexander Semin is over, Alexander Semin is back on ice.
10:12 of 2nd period - Snap shot by Brett Maclean.
10:12 of 2nd period - Stopped by Jonathan Quick with a rebound.
10:38 of 2nd period - Wrist shot by Jamie Arniel.
10:38 of 2nd period - Stopped by Tuukka Rask with a rebound.
10:48 of 2nd period - Snap shot by Brett Maclean.
10:48 of 2nd period - Shot Misses the Net.
11:13 of 2nd period - Off-side.
11:14 of 2nd period - Derek Roy wins face-off versus Brian Flynn in neutral zone.
12:29 of 2nd period - Slapshot by Beau Bennett.
12:29 of 2nd period - Goal by Beau Bennett - Panthers : 2 - Blackhawks : 3.
12:30 of 2nd period - Jordan Staal wins face-off versus Alexander Semin in neutral zone.
12:39 of 2nd period - Wrist shot by Jordan Staal.
12:39 of 2nd period - Stopped by Jonathan Quick without a rebound.
12:40 of 2nd period - Jamie Arniel wins face-off versus Jordan Staal in Panthers zone.
12:53 of 2nd period - Snap shot by Will Butcher.
12:53 of 2nd period - Stopped by Tuukka Rask without a rebound.
12:54 of 2nd period - Jordan Staal wins face-off versus Jamie Arniel in Blackhawks zone.
14:10 of 2nd period - Slapshot by Niklas Hansson.
14:10 of 2nd period - Deflect By Blake Geoffrion.
14:10 of 2nd period - Shot Misses the Net.
14:10 of 2nd period - Puck is out of play.
14:11 of 2nd period - Jordan Staal wins face-off versus Jamie Arniel in Blackhawks zone.
14:50 of 2nd period - Minor Penalty to Jamie McBain for Holding.
14:51 of 2nd period - Johnny Gaudreau wins face-off versus Jamie Arniel in Blackhawks zone.
14:51 of 2nd period - Johnny Gaudreau is hit by Dalton Prout.
15:05 of 2nd period - Wrist shot by Jason Pominville.
15:05 of 2nd period - Shot Misses the Net.
15:07 of 2nd period - Wrist shot by Alex Goligoski.
15:07 of 2nd period - Stopped by Tuukka Rask without a rebound.
15:08 of 2nd period - Johnny Gaudreau wins face-off versus Jamie Arniel in Blackhawks zone.
16:50 of 2nd period - Penalty to Jamie McBain is over, Jamie McBain is back on ice.
17:03 of 2nd period - Slapshot by Stefan Matteau.
17:03 of 2nd period - Shot Blocked by Will Butcher.
17:49 of 2nd period - Snap shot by Kyle Okposo.
17:49 of 2nd period - Stopped by Tuukka Rask without a rebound.
17:50 of 2nd period - Jamie Arniel wins face-off versus Jakob Silfverberg in Blackhawks zone.
17:53 of 2nd period - Wrist shot by Jamie Arniel.
17:53 of 2nd period - Shot Misses the Net.
17:59 of 2nd period - Slapshot by Sean Zimmerman.
17:59 of 2nd period - Stopped by Jonathan Quick with a rebound.
18:01 of 2nd period - Snap shot by Jakob Silfverberg.
18:01 of 2nd period - Stopped by Jonathan Quick with a rebound.
18:20 of 2nd period - Chris Bourque is hit by Brett Maclean and loses puck.
19:21 of 2nd period - Slapshot by Johnny Gaudreau.
19:21 of 2nd period - Shot Misses the Net.
19:39 of 2nd period - Jason Pominville is hit by Ben Harpur and loses puck.
19:44 of 2nd period - Wrist shot by Raphael Diaz.
19:44 of 2nd period - Stopped by Jonathan Quick without a rebound.
19:45 of 2nd period - Blake Wheeler wins face-off versus Brian Flynn in Panthers zone.
Goals for this period are 2 for Panthers vs 2 for Blackhawks.
Shots for this period are 15 for Panthers vs 14 for Blackhawks.

3rd period


0:01 of 3rd period - Jamie Arniel wins face-off versus Jordan Staal in neutral zone.
0:33 of 3rd period - Slapshot by Jason Pominville.
0:33 of 3rd period - Deflect By Miro Aaltonen.
0:33 of 3rd period - Stopped by Tuukka Rask without a rebound.
0:33 of 3rd period - Minor Penalty to Tuukka Rask for Slashing.
0:34 of 3rd period - Johnny Gaudreau wins face-off versus Jamie Arniel in Blackhawks zone.
0:52 of 3rd period - Off-side.
0:53 of 3rd period - Johnny Gaudreau wins face-off versus Miro Aaltonen in neutral zone.
1:27 of 3rd period - Snap shot by Alex Goligoski.
1:27 of 3rd period - Shot Blocked by Sean Zimmerman.
1:29 of 3rd period - Slapshot by Jamie Arniel.
1:29 of 3rd period - Shot Misses the Net.
1:50 of 3rd period - Icing by Cameron Gaunce.
1:51 of 3rd period - Miro Aaltonen wins face-off versus James Wright in Panthers zone.
2:33 of 3rd period - Penalty to Radko Gudas is over, Radko Gudas is back on ice.
2:43 of 3rd period - Slapshot by Sean Zimmerman.
2:43 of 3rd period - Stopped by Jonathan Quick with a rebound.
3:20 of 3rd period - Snap shot by Miro Aaltonen.
3:20 of 3rd period - Shot Misses the Net.
3:22 of 3rd period - Slapshot by Cameron Gaunce.
3:22 of 3rd period - Deflect By Miro Aaltonen.
3:22 of 3rd period - Shot Blocked by Jakob Silfverberg.
3:22 of 3rd period - Puck is out of play.
3:23 of 3rd period - Kyle Okposo wins face-off versus James Wright in Blackhawks zone.
3:38 of 3rd period - Slapshot by Alex Goligoski.
3:38 of 3rd period - Stopped by Tuukka Rask without a rebound.
3:39 of 3rd period - Daultan Leveillé wins face-off versus Corey Perry in Blackhawks zone.
4:11 of 3rd period - Radko Gudas is hit by Dalton Prout and loses puck.
4:32 of 3rd period - Beau Bennett is hit by Johnny Gaudreau.
6:02 of 3rd period - Slapshot by Brett Maclean.
6:02 of 3rd period - Stopped by Jonathan Quick with a rebound.
6:26 of 3rd period - Snap shot by Jamie Arniel.
6:26 of 3rd period - Stopped by Tuukka Rask with a rebound.
6:36 of 3rd period - Snap shot by Corey Perry.
6:36 of 3rd period - Stopped by Jonathan Quick with a rebound.
6:38 of 3rd period - Wrist shot by Antoine Roussel.
6:38 of 3rd period - Deflect By Corey Perry.
6:38 of 3rd period - Stopped by Jonathan Quick without a rebound.
6:39 of 3rd period - Derek Roy wins face-off versus Brian Flynn in Panthers zone.
6:40 of 3rd period - Snap shot by Antoine Roussel.
6:40 of 3rd period - Stopped by Jonathan Quick without a rebound.
6:41 of 3rd period - Jamie Arniel wins face-off versus Corey Perry in Panthers zone.
7:30 of 3rd period - Brett Maclean is hit by Kyle Okposo and loses puck.
7:41 of 3rd period - Snap shot by Brian Flynn.
7:41 of 3rd period - Shot Blocked by Blake Wheeler.
8:11 of 3rd period - Off-side.
8:12 of 3rd period - Jakob Silfverberg wins face-off versus Jamie Arniel in neutral zone.
8:25 of 3rd period - Jakob Silfverberg is hit by Jamie Arniel.
8:37 of 3rd period - Wrist shot by Kris Versteeg.
8:37 of 3rd period - Stopped by Tuukka Rask without a rebound.
8:38 of 3rd period - Miro Aaltonen wins face-off versus Derek Roy in Blackhawks zone.
9:33 of 3rd period - Jordan Staal is hit by Jamie Arniel and loses puck.
9:48 of 3rd period - Slapshot by Corey Perry.
9:48 of 3rd period - Stopped by Jonathan Quick without a rebound.
9:49 of 3rd period - Derek Roy wins face-off versus Miro Aaltonen in Panthers zone.
9:56 of 3rd period - Antoine Roussel is hit by Dalton Prout and loses puck.
10:16 of 3rd period - Minor Penalty to Ben Harpur for High sticking.
10:17 of 3rd period - Antoine Roussel wins face-off versus Jamie Arniel in Blackhawks zone.
10:26 of 3rd period - Snap shot by Antoine Roussel.
10:26 of 3rd period - Shot Misses the Net.
12:16 of 3rd period - Penalty to Ben Harpur is over, Ben Harpur is back on ice.
12:28 of 3rd period - Icing by Radko Gudas.
12:29 of 3rd period - Daultan Leveillé wins face-off versus Jordan Staal in Blackhawks zone.
12:40 of 3rd period - Slapshot by Beau Bennett.
12:40 of 3rd period - Shot Blocked by Radko Gudas.
12:56 of 3rd period - Snap shot by Antoine Roussel.
12:56 of 3rd period - Stopped by Jonathan Quick with a rebound.
12:58 of 3rd period - Wrist shot by Corey Perry.
12:58 of 3rd period - Stopped by Jonathan Quick with a rebound.
13:00 of 3rd period - Snap shot by Antoine Roussel.
13:00 of 3rd period - Stopped by Jonathan Quick with a rebound.
13:02 of 3rd period - Backhand shot by Radko Gudas.
13:02 of 3rd period - Shot Misses the Net.
13:18 of 3rd period - Snap shot by Jamie Arniel.
13:18 of 3rd period - Stopped by Tuukka Rask with a rebound.
13:32 of 3rd period - Will Butcher is hit by Stefan Matteau.
14:01 of 3rd period - Dalton Prout is hit by Derek Roy and loses puck.
14:08 of 3rd period - Slapshot by Alex Goligoski.
14:08 of 3rd period - Shot Blocked by Calvin de Haan.
14:19 of 3rd period - Alex Goligoski is hit by Ben Harpur and loses puck.
15:54 of 3rd period - Jason Pominville is hit by Brett Maclean.
16:53 of 3rd period - Jamie McBain is hit by Daultan Leveillé and loses puck.
17:22 of 3rd period - Slapshot by Brett Maclean.
17:22 of 3rd period - Deflect By James Wright.
17:22 of 3rd period - Deflect By Kyle Okposo.
17:22 of 3rd period - Stopped by Jonathan Quick with a rebound.
17:34 of 3rd period - Raphael Diaz is hit by Chris Bourque and loses puck.
17:41 of 3rd period - Jason Pominville is hit by Antoine Roussel.
17:45 of 3rd period - Miro Aaltonen is hit by Antoine Roussel and loses puck.
18:00 of 3rd period - Jamie Arniel is hit by Jakob Silfverberg and loses puck.
18:11 of 3rd period - Wrist shot by Jakob Silfverberg.
18:11 of 3rd period - Stopped by Jonathan Quick without a rebound.
18:12 of 3rd period - Brian Flynn wins face-off versus James Wright in Panthers zone.
18:25 of 3rd period - Morgan Ellis is hit by Blake Wheeler and loses puck.
19:26 of 3rd period - Panthers, Jonathan Quick is pulled from the net.
19:26 of 3rd period - Snap shot by Jamie Arniel.
19:26 of 3rd period - Deflect By Alexander Semin.
19:26 of 3rd period - Shot Misses the Net.
19:26 of 3rd period - Puck is out of play.
19:27 of 3rd period - Alain Vigneault call a timeout for Panthers.
19:27 of 3rd period - Jordan Staal wins face-off versus Jamie Arniel in Blackhawks zone.
19:27 of 3rd period - Jordan Staal is hit by Alexander Semin.
19:52 of 3rd period - Will Butcher is hit by Calvin de Haan and loses puck.
Goals for this period are 0 for Panthers vs 0 for Blackhawks.
Shots for this period are 5 for Panthers vs 11 for Blackhawks.